[Event "Team 45 45 League T100"]
[Site "Internet Chess Club"]
[Date "2024.05.23"]
[Round "2"]
[White "tamky70"]
[Black "kabubi"]
[Result "1/2-1/2"]
[WhiteElo "1294"]
[BlackElo "1180"]
[Opening "Réti opening"]
[ECO "A04"]
[Time "19:30:54"]
[PlyCount "97"]
[TimeControl "2700+45"]

1. Nf3 Nc6 2. b3 e5 3. e4 Nf6 4. d3 d5 5. exd5 Nxd5 6. Bb2 Bd6 7. Nc3 Bb4 8. Qd2
O-O 9. O-O-O Re8 10. Re1 f6 11. h3 Nd4 12. g4 Nxf3 13. Qe2 Nxe1 14. Qxe1 Bxc3
15. Bxc3 Nxc3 16. Qxc3 Be6 17. Bg2 Qd4 18. Qxd4 exd4 19. Re1 c6 20. f3 g5 21.
Kd2 Rad8 22. Bh1 Bd5 23. Bg2 Rxe1 24. Kxe1 Re8+ 25. Kf2 a5 26. Bh1 b5 27. Bg2
Rc8 28. Bf1 c5 29. Be2 c4 30. dxc4 bxc4 31. Bd1 cxb3 32. axb3 Ra8 33. Ke2 a4 34.
bxa4 Rxa4 35. Kf2 Ra2 36. Ke2 Bc4+ 37. Ke1 d3 38. cxd3 Bxd3 39. Bb3+ Kg7 40.
Bxa2 f5 41. Kf2 fxg4 42. hxg4 Kg6 43. Be6 Kf6 44. Bc8 Bg6 45. Ke3 h5 46. gxh5
Bxh5 47. Bh3 Bxf3 48. Kxf3 g4+ 49. Bxg4 {Game drawn because neither player has
mating material} 1/2-1/2

[Event "Team 45 45 League T100"]
[Site "Internet Chess Club"]
[Date "2024.05.24"]
[Round "2"]
[White "ChessG2011"]
[Black "jfkingiii"]
[Result "1-0"]
[WhiteElo "1350"]
[BlackElo "1434"]
[Opening "Petrov's defense"]
[ECO "C42"]
[Time "17:04:48"]
[PlyCount "129"]
[TimeControl "2700+45"]

1. e4 e5 2. Nf3 Nf6 3. Nxe5 d6 4. Nf3 Nxe4 5. Bc4 d5 6. Bb3 Be7 7. d3 Nc5 8. Nc3
Nxb3 9. axb3 O-O 10. h3 c5 11. Bf4 Nc6 12. O-O Be6 13. Re1 d4 14. Ne4 Qd7 15.
Bg5 Bxg5 16. Nfxg5 b6 17. Qh5 h6 18. Nxe6 fxe6 19. Qg6 Qf7 20. Qxf7+ Rxf7 21.
Nd6 Re7 22. Re2 Rd8 23. Ne4 Nb4 24. Rae1 Nd5 25. Nd2 Rde8 26. Nc4 Nc7 27. f4 b5
28. Nd6 Rd8 29. Nb7 Rd5 30. Re5 Rxe5 31. Rxe5 Nd5 32. Nxc5 Nxf4 33. Re4 e5 34.
Re1 Nd5 35. Ne4 b4 36. Nd6 Ne3 37. Re2 Re6 38. Nc4 Rc6 39. Kf2 Nd1+ 40. Kf3 Re6
41. Rxe5 Rxe5 42. Nxe5 Ne3 43. Nc6 Nxc2 44. Ke4 Kf7 45. Nxd4 Ne1 46. g3 a6 47.
Nc6 Nc2 48. d4 Ke6 49. d5+ Kd6 50. Nd4 Nxd4 51. Kxd4 a5 52. Kc4 g6 53. h4 g5 54.
hxg5 hxg5 55. Kd4 g4 56. Ke4 Ke7 57. Ke5 Kd7 58. d6 Kd8 59. Kf5 Kd7 60. Kxg4
Kxd6 61. Kf5 Ke7 62. Kg6 Kf8 63. g4 Kg8 64. g5 Kh8 65. Kf7 {Black resigns} 1-0

[Event "Team 45 45 League T100"]
[Site "Internet Chess Club"]
[Date "2024.05.24"]
[Round "2"]
[White "Balderdash"]
[Black "smsxman"]
[Result "0-1"]
[WhiteElo "1152"]
[BlackElo "1380"]
[Opening "Robatsch (modern) defense"]
[ECO "B06"]
[Time "21:00:12"]
[PlyCount "100"]
[TimeControl "2700+45"]

1. e4 g6 2. c3 Bg7 3. b3 Nc6 4. Bb2 e5 5. Nf3 d6 6. Bb5 Bd7 7. d4 Nf6 8. d5 Ne7
9. Bd3 O-O 10. Nbd2 c6 11. c4 cxd5 12. exd5 a6 13. Ne4 Bf5 14. Nh4 Bxe4 15. Bxe4
Nxe4 16. Qe2 Qa5+ 17. Kf1 f5 18. Nf3 Nc3 19. Qc2 e4 20. Ng5 b5 21. Ne6 Rac8 22.
Nxg7 b4 23. a3 Nexd5 24. axb4 Qxb4 25. Ba3 Qb7 26. Ne6 Rfe8 27. cxd5 Nxd5 28.
Qb2 Rxe6 29. g3 Qb5+ 30. Kg2 Qb7 31. Rad1 e3 32. Rhe1 Nc3+ 33. f3 Nxd1 34. Rxd1
d5 35. Qe2 Rce8 36. Rd3 Qb5 37. Bc1 d4 38. Bb2 Rd6 39. h3 g5 40. Ba3 Rdd8 41.
Bb2 f4 42. g4 Re6 43. Ba1 Rc6 44. h4 h6 45. Kh3 gxh4 46. Bb2 Rdc8 47. Bxd4 Rc2
48. Qd1 Rc1 49. Qe2 R8c2 50. Qxe3 Rh1# {White checkmated} 0-1

[Event "Team 45 45 League T100"]
[Site "Internet Chess Club"]
[Date "2024.05.27"]
[Round "2"]
[White "CMAlge"]
[Black "mongmong"]
[Result "1-0"]
[WhiteElo "1437"]
[BlackElo "1434"]
[Opening "French: advance, Paulsen attack"]
[ECO "C02"]
[Time "10:02:03"]
[PlyCount "93"]
[TimeControl "2700+45"]

1. e4 e6 2. d4 d5 3. e5 c5 4. c3 Nc6 5. Nf3 Qb6 6. a3 Nh6 7. b4 cxd4 8. cxd4 Nf5
9. Be3 Bd7 10. Bd3 Nxe3 11. fxe3 Be7 12. O-O f6 13. Nbd2 fxe5 14. Nxe5 Nxe5 15.
Qh5+ g6 16. Qxe5 Rf8 17. Qg7 Qd6 18. Rxf8+ Bxf8 19. Qxh7 O-O-O 20. Qxg6 Be8 21.
Rc1+ Kb8 22. Qg3 Qxg3 23. hxg3 Bh6 24. Kf2 Bh5 25. Be2 Rf8+ 26. Bf3 Bg6 27. g4
Bg5 28. Nb3 b6 29. b5 Bh4+ 30. Ke2 Be8 31. a4 Bd7 32. Rh1 Be7 33. Rh7 Re8 34. g5
Bxg5 35. Rxd7 Rc8 36. Kd3 Rc4 37. Rd6 Rxa4 38. Rxe6 Rb4 39. Bxd5 Rxb5 40. e4 a5
41. Re5 Bf6 42. Re6 Bg7 43. Re7 Bf6 44. Rb7+ Kc8 45. Nxa5 Rb4 46. Be6+ Kd8 47.
Nc6+ {Black resigns} 1-0

[Event "Team 45 45 League T100"]
[Site "Internet Chess Club"]
[Date "2024.05.26"]
[Round "2"]
[White "tightfist"]
[Black "rkjulianjr"]
[Result "1-0"]
[WhiteElo "1504"]
[BlackElo "1268"]
[Opening "Réti opening"]
[ECO "A05"]
[Time "20:02:07"]
[PlyCount "131"]
[TimeControl "2700+45"]

1. Nf3 Nf6 2. b3 c6 3. Bb2 d5 4. d4 Bg4 5. Nbd2 e6 6. c4 Bb4 7. a3 Be7 8. e3 O-O
9. Bd3 Nbd7 10. O-O c5 11. Qc2 g6 12. Rac1 Rc8 13. Qb1 Re8 14. Ne5 Bf5 15. Bxf5
exf5 16. Nxd7 Qxd7 17. Nf3 Ne4 18. Rfd1 Bf6 19. cxd5 cxd4 20. exd4 Qb5 21. b4
Qe2 22. Rf1 Bg7 23. Rce1 Qc2 24. Rc1 Qxb1 25. Rxb1 Red8 26. Rbc1 Rxc1 27. Rxc1
Nd6 28. Rc7 Rc8 29. Rxc8+ Nxc8 30. Kf1 Nd6 31. Ke2 Kf8 32. Ne5 Ke7 33. f3 f6 34.
Nd3 Nc4 35. Bc1 b6 36. Nf4 Bh6 37. Nxg6+ hxg6 38. Bxh6 Kd6 39. Bg7 Kxd5 40. Bxf6
Nxa3 41. Kd3 Nb5 42. g4 fxg4 43. fxg4 a5 44. bxa5 bxa5 45. h4 Nd6 46. h5 gxh5
47. gxh5 Nf7 48. Bg7 a4 49. h6 Ng5 50. Kc3 a3 51. Kb3 a2 52. Kxa2 Nh7 53. Kb3
Ng5 54. Kb4 Nh7 55. Kb5 Ng5 56. Kb6 Kd6 57. Be5+ Kd7 58. Kc5 Nh7 59. Kd5 Ng5 60.
Bf4 Nh7 61. Ke5 Nf8 62. Kf6 Ke8 63. d5 Nh7+ 64. Kg7 Nf8 65. Bd6 Nd7 66. h7
{Black resigns} 1-0

[Event "Team 45 45 League T100"]
[Site "Internet Chess Club"]
[Date "2024.05.23"]
[Round "2"]
[White "Fulmar"]
[Black "olivermx"]
[Result "1-0"]
[WhiteElo "1388"]
[BlackElo "1440"]
[Opening "Sicilian: closed"]
[ECO "B23"]
[Time "22:09:51"]
[PlyCount "37"]
[TimeControl "2700+45"]

1. e4 c5 2. Nc3 d6 3. g3 Nf6 4. Bg2 Nbd7 5. Nge2 e5 6. O-O Be7 7. d3 a6 8. f4
exf4 9. Nxf4 Ne5 10. h3 b5 11. Ncd5 Bb7 12. Nxf6+ Bxf6 13. Qh5 Qe7 14. Bd2 Bc8
15. Nd5 Qd7 16. Nxf6+ gxf6 17. Rxf6 Qa7 18. Be3 Be6 19. Rxe6+ {Black resigns}
1-0

[Event "Team 45 45 League T100"]
[Site "Internet Chess Club"]
[Date "2024.05.27"]
[Round "2"]
[White "WzeroMN"]
[Black "Reykjaviking"]
[Result "0-1"]
[WhiteElo "939"]
[BlackElo "1207"]
[Opening "Scandinavian (center counter) defense"]
[ECO "B01"]
[Time "13:30:45"]
[PlyCount "24"]
[TimeControl "2700+45"]

1. e4 d5 2. e5 c5 3. d4 cxd4 4. Qxd4 Nc6 5. Bb5 a6 6. Bxc6+ bxc6 7. Qc5 Qc7 8.
Qe3 Bf5 9. Qd2 e6 10. f4 Bc5 11. Qc3 Qb6 12. Nf3 Bb4 {White resigns} 0-1

[Event "Team 45 45 League T100"]
[Site "Internet Chess Club"]
[Date "2024.05.23"]
[Round "2"]
[White "DaveTheRook"]
[Black "Electryon"]
[Result "0-1"]
[WhiteElo "1414"]
[BlackElo "1530"]
[Opening "Old Indian defense"]
[ECO "A53"]
[Time "18:32:26"]
[PlyCount "58"]
[TimeControl "2700+45"]

1. d4 Nf6 2. c4 d6 3. Nc3 Nbd7 4. e4 e5 5. dxe5 dxe5 6. Nf3 Bb4 7. Bd3 O-O 8.
O-O Re8 9. Qc2 Nc5 10. Rd1 c6 11. a3 Bxc3 12. Qxc3 Qc7 13. Qc2 Bg4 14. Be3 Bxf3
15. gxf3 Ne6 16. Bf1 c5 17. Qc3 Nd4 18. Bg5 Qc6 19. Bh3 Nh5 20. Bf1 Qg6 21. f4
Nxf4 22. Kh1 Qxg5 23. Qe3 Re6 24. Bh3 Rh6 25. Rg1 Qh4 26. Rxg7+ Kxg7 27. Rg1+
Rg6 28. Rg3 Rxg3 29. fxg3 Qxh3 {White resigns} 0-1

[Event "Team 45 45 League T100"]
[Site "Internet Chess Club"]
[Date "2024.05.27"]
[Round "2"]
[White "BrerRabbit"]
[Black "garytd"]
[Result "1/2-1/2"]
[WhiteElo "1312"]
[BlackElo "1507"]
[Opening "Queen's pawn game"]
[ECO "A46"]
[Time "19:00:49"]
[PlyCount "108"]
[TimeControl "2700+45"]

1. d4 Nf6 2. Nf3 e6 3. g3 c5 4. Bg2 Nc6 5. O-O d5 6. c4 cxd4 7. cxd5 Nxd5 8.
Nxd4 Bd7 9. a3 Be7 10. e4 Nf6 11. Nc3 Nxd4 12. Qxd4 Bc6 13. Rd1 O-O 14. Bf4 Qxd4
15. Rxd4 Bc5 16. Rd2 Rad8 17. Rad1 Rxd2 18. Rxd2 Ng4 19. h3 Nxf2 20. Rxf2 Bxf2+
21. Kxf2 Rd8 22. Ke2 f6 23. Bf3 h6 24. h4 g5 25. hxg5 hxg5 26. Be3 a6 27. Bc5
Kg7 28. Bg4 e5 29. Bh5 b5 30. b4 Rd7 31. Bf3 Kh6 32. Bg4 Rd8 33. Be7 Rd4 34. Bf3
Kg7 35. Nd5 Bxd5 36. exd5 Kf7 37. Bc5 Rc4 38. Kd2 f5 39. Be2 Re4 40. Bd3 Rg4 41.
Bxf5 Rxg3 42. Bd7 Rxa3 43. Bc6 Rh3 44. d6 Rh8 45. Bb6 g4 46. d7 Ke7 47. d8=Q+
Rxd8+ 48. Bxd8+ Kxd8 49. Ke2 Kc7 50. Be4 Kb6 51. Kf2 a5 52. bxa5+ Kxa5 53. Kg3
Kb4 54. Kxg4 Kc3 {Game drawn by mutual agreement} 1/2-1/2

[Event "Team 45 45 League T100"]
[Site "Internet Chess Club"]
[Date "2024.05.23"]
[Round "2"]
[White "Visin"]
[Black "Ostap-Bender"]
[Result "1-0"]
[WhiteElo "1319"]
[BlackElo "1247"]
[Opening "Sicilian: Taimanov variation"]
[ECO "B46"]
[Time "13:30:11"]
[PlyCount "55"]
[TimeControl "2700+45"]

1. e4 c5 2. Nf3 e6 3. d4 cxd4 4. Nxd4 Nc6 5. Nc3 a6 6. a3 Qc7 7. g3 Nf6 8. Bg2
Be7 9. O-O O-O 10. Be3 d5 11. exd5 exd5 12. Nxd5 Nxd5 13. Bxd5 Nxd4 14. Bxd4 Bf5
15. Bb3 Rac8 16. c3 Qc6 17. Qh5 Bg6 18. Qd5 Qxd5 19. Bxd5 Rc7 20. Rfe1 Bd6 21.
Re3 b5 22. Rae1 h6 23. Bb6 Rd7 24. Bc6 Rdd8 25. Bxd8 Rxd8 26. Re8+ Rxe8 27.
Rxe8+ Kh7 28. Ra8 {Black resigns} 1-0

[Event "Team 45 45 League T100"]
[Site "Internet Chess Club"]
[Date "2024.05.24"]
[Round "2"]
[White "stantheman59"]
[Black "ticktockman"]
[Result "1-0"]
[WhiteElo "1204"]
[BlackElo "1121"]
[Opening "Queen's pawn: English defense"]
[ECO "A40"]
[Time "18:12:56"]
[PlyCount "67"]
[TimeControl "2700+45"]

1. d4 b6 2. e4 Bb7 3. Nc3 d5 4. e5 e6 5. Nf3 Nc6 6. a3 Nge7 7. Bg5 h6 8. Be3 g5
9. h3 Nf5 10. Bc1 Bg7 11. Bb5 Ne7 12. Bd2 Qd7 13. Qe2 a5 14. O-O Qc8 15. Bd3 Ba6
16. Nb5 Qb7 17. Nxc7+ Qxc7 18. Bxa6 Qa7 19. Bb5 O-O 20. b3 Rfc8 21. Be3 Nf5 22.
c4 Nxe3 23. Qxe3 dxc4 24. bxc4 Qb7 25. Qe4 Qc7 26. Rac1 Na7 27. Ba6 Rd8 28. d5
exd5 29. cxd5 Qe7 30. Bd3 Kf8 31. Rc2 Qxa3 32. e6 Qe7 33. Ne5 fxe6 34. Ng6+
{Black resigns} 1-0